 Dungeon Crawl Stone Soup version 0.27.1-34-g3ba077fa99 (webtiles) character file.

Game seed: 4865918571691656346

298 cbfl8 the Sneak (level 6, -15/53 HPs)
             Began as a Minotaur Delver on Jan 24, 2022.
             Demolished by an ogre (18 damage)
             ... while paralysed by a hornet
             ... on level 5 of the Dungeon.
             The game lasted 00:08:42 (3594 turns).

cbfl8 the Sneak (Minotaur Delver)                   Turns: 3594, Time: 00:08:42

Health: -15/53     AC: 12    Str: 17    XL:     6   Next: 13%
Magic:  5/5        EV:  2    Int:  8    God:
Gold:   121        SH:  0    Dex: 18    Spells: 5/5 levels left

rFire    . . .     SeeInvis .   x - +3 quarterstaff (chaos)
rCold    . . .     Faith    .   (shield currently unavailable)
rNeg     + . .     Spirit   .   q - +1 chain mail
rPois    .         Reflect  +   (helmet restricted)
rElec    .         Harm     .   y - +0 cloak
rCorr    .         Rampage  .   u - +0 pair of gloves
Will     .....                  (no boots)
Stlth    ..........             s - amulet of reflection
HPRegen  0.17/turn              A - ring of positive energy
MPRegen  0.09/turn              C - +6 ring of dexterity

@: paralysed, lethally poisoned (-15 -> -25), slowed
A: horns 2, retaliatory headbutt
a: no special abilities


You were on level 5 of the Dungeon.
You visited 1 branch of the dungeon, and saw 5 of its levels.

You collected 121 gold pieces.

Inventory:

Hand Weapons
 a - a +0 hand axe
 n - a +2 long sword of holy wrath
 o - a +2 mace of draining
 x - a +3 quarterstaff of chaos (weapon)
Missiles
 l - 7 curare-tipped darts (quivered)
 m - 17 poisoned darts
 v - 99 stones
Armour
 b - a +0 leather armour
 q - a +1 chain mail (worn)
 t - a +0 robe of the Archmagi
 u - a +0 pair of gloves (worn)
 y - a +0 cloak (worn)
Jewellery
 s - an amulet of reflection (around neck)
 A - a ring of positive energy (left hand)
 C - a +6 ring of dexterity (right hand)
Wands
 g - a wand of digging (3)
Scrolls
 c - a scroll of fog
 d - a scroll of magic mapping
 e - 6 scrolls of fear
 i - 2 scrolls of teleportation
 j - a scroll of summoning
 p - a scroll of amnesia {unknown}
 D - a scroll of enchant weapon {unknown}
Potions
 f - a potion of haste
 h - 2 potions of curing
 k - a potion of mutation {unknown}
 r - a potion of resistance {unknown}
 w - a potion of invisibility {unknown}
 B - a potion of lignification {unknown}
 E - a potion of berserk rage {unknown}


   Skills:
 + Level 4.3 Fighting
 + Level 2.6 Long Blades
 + Level 2.6 Axes
 + Level 0.3(1.9) Maces & Flails
 + Level 1.2(1.3) Staves
 + Level 4.1 Armour
 + Level 2.9 Dodging
 + Level 4.7 Stealth
 + Level 1.2 Shields


You had 5 spell levels left.
You didn't know any spells.
Your spell library contained the following spells:

 Spells                   Type           Power      Damage    Failure   Level
 Animate Skeleton         Necr           0%         N/A       99%         1
 Apportation              Tloc           0%         N/A       99%         1
 Corona                   Hex            0%         N/A       99%         1
 Summon Small Mammal      Summ           0%         N/A       99%         1
 Dazzling Flash           Conj/Hex       0%         N/A       100%        3
 Agony                    Necr           0%         N/A       100%        5
 Silence                  Hex/Air        0%         N/A       100%        5


Dungeon Overview and Level Annotations

Branches:
Dungeon (5/15)
 Temple: D:4-7

Altars:

Shops:
D:1 ?**   D:3 [


Innate Abilities, Weirdness & Mutations

You have a pair of horns on your head.
You reflexively headbutt those who attack you in melee.


Message History

Your headbutt misses the hornet. The hornet stings you.
You feel yourself slow down.
The howler monkey zombie barely misses you.
You hit the hornet.
You feel better.
The hornet is lightly wounded.
You feel yourself speed up. The hornet stings you.
You feel yourself slow down. The hornet stings you.
You feel as though you will be slow longer.
The howler monkey zombie hits you but does no damage.
The hornet completely misses you. You furiously retaliate!
You headbutt the hornet, but do no damage.
The scorpion stings you but does no damage.
The howler monkey zombie hits you.
You closely miss the hornet.
The hornet is lightly wounded.
The hornet stings you.
You feel as though you will be slow longer.
You block the scorpion's attack. You block the hornet's attack.
The scorpion stings you but does no damage.
The hornet stings you.
You feel as though you will be slow longer.
You miss the hornet.
The hornet is lightly wounded.
The hornet stings you!
You are poisoned.
You feel as though you will be slow longer.
The scorpion barely misses you. The hornet barely misses you.
The ogre hits you with a +0 giant club!!
Ouch! That really hurt!
* * * LOW HITPOINT WARNING * * *
The howler monkey zombie hits you but does no damage.
The scorpion stings you but does no damage.
You block the hornet's attack. The howler monkey zombie hits you.
* * * LOW HITPOINT WARNING * * *
You feel better. You block the scorpion's attack. The hornet stings you!
* * * LOW HITPOINT WARNING * * *
You are lethally poisoned!
You suddenly lose the ability to move!
The ogre hits you with a +0 giant club!!
You die...

........ # .##......$
#... .##........ #...
.#######... #... .##...#
... #.. ......#
...###'### .##...#
.........# ## ..#
...)..Z..###### .. .#
......s@......#..). #
...##.Oy.##†..#....
#?...##....#
.......##'##.#
..##....#.....# .
#...##....##....#.....#
.##...............#.....#
.....|......##....#.....#
...... .....#######.....#


You could see a hornet shaped shifter, an ogre, a scorpion and a howler monkey
zombie.

Vanquished Creatures
  A necrophage (D:4)
  A scorpion (D:4)
  Crazy Yiuf (D:2)
  Jessica (D:2)
  A howler monkey skeleton (D:4)
  3 adders
  2 worms
  2 orcs (D:3)
  8 endoplasms
  4 giant cockroaches
  3 goblins
  3 hobgoblins
  2 jackals (D:2)
  3 quokkas
  9 ball pythons
  5 bats
  A frilled lizard (D:2)
  3 kobolds
  3 rats
56 creatures vanquished.

Vanquished Creatures (others)
  2 fungi (D:2)
2 creatures vanquished.

Grand Total: 58 creatures vanquished

Notes
Turn   | Place    | Note
-------+----------+-------------------------------------------
     0 | D:5      | cbfl8 the Minotaur Delver began the quest for the Orb.
     0 | D:5      | Reached XP level 1. HP: 19/19 MP: 0/0
   170 | D:4      | Noticed a scorpion
   179 | D:4      | Noticed a necrophage
   321 | D:2      | Reached XP level 2. HP: 20/27 MP: 1/1
   589 | D:1      | Found Odostromm's Magic Scroll Shoppe.
   852 | D:1      | Found a faded altar of an unknown god.
   958 | D:1      | Reached XP level 3. HP: 33/33 MP: 2/2
   980 | D:1      | Found Riwkun's General Store.
   994 | D:1      | Found Zuulih's General Store.
  1514 | D:2      | Noticed Crazy Yiuf
  1514 | D:2      | Found a runed translucent door.
  1579 | D:2      | Noticed Jessica
  1599 | D:2      | Killed Jessica
  1600 | D:2      | Reached skill level 1 in Armour
  1704 | D:2      | Reached skill level 1 in Long Blades
  1808 | D:2      | Reached XP level 4. HP: 40/40 MP: 3/3
  2217 | D:2      | Killed Crazy Yiuf
  2530 | D:3      | Found Ceeg's Armour Boutique.
  2895 | D:4      | Killed a necrophage
  2896 | D:4      | Reached skill level 1 in Staves
  2896 | D:4      | Reached skill level 1 in Shields
  2896 | D:4      | Reached XP level 5. HP: 41/47 MP: 4/4
  3118 | D:4      | Reached XP level 6. HP: 53/53 MP: 5/5
  3589 | D:5      | Noticed a shapeshifter
  3589 | D:5      | an ogre changed into a shapeshifter
  3589 | D:5      | Noticed a hornet
  3589 | D:5      | a shapeshifter changed into a hornet
  3593 | D:5      | HP: 2/53 [howler monkey zombie (2)]
  3594 | D:5      | Paralysed by a hornet for 2 turns
  3594 | D:5      | Demolished by an ogre

Illustrated notes

Levels and vault maps discovered:
D:1:      minmay_arrival_doors, layout_loops_corners, serial_shops, shop,
          shop_fountains, shop, shapermc_ecumenical_altar_notcrosses,
          chequers_serial_rivers_small_3
D:2:      layout_rooms, uniq_crazy_yiuf_cottage, uniq_jessica
D:3:      layout_rooms, serial_shops, nicolae_shop_behind_doors
D:4:      layout_layer_cave
D:5:      layout_gridville, minmay_temple_entry_slanted,
          gammafunk_ghost_cemetery

Skill      XL: |  1  2  3  4  5 |
---------------+----------------+-----
Armour         | 1 3 4 |  4.1
Fighting       | 4 |  4.3
Long Blades    | 1 2 |  2.6
Staves         | 1 |  1.2
Shields        | 1 |  1.2
Axes           | |  2.6
Maces & Flails | |  0.3
Dodging        | |  2.9
Stealth        | |  4.7

Action                   |  1- 3 |  4- 6 || total
-------------------------+-------+-------++-------
Melee: Mace              |    21 |       ||    21
       Headbutt          |     7 |     6 ||    13
       Long sword        |    36 |    18 ||    54
       Quarterstaff      |       |    35 ||    35
  Use: Scroll            |       |     5 ||     5
       Potion            |       |     1 ||     1
Armor: Leather armour    |     6 |       ||     6
       Chain mail        |    49 |    36 ||    85
Dodge: Dodged            |    45 |    24 ||    69
Block: Other             |    11 |    19 ||    30
       Rpst.: Long sword |     2 |     2 ||     4
